 Dungeon Crawl Stone Soup version 0.14.1 (webtiles) character file.

298 Cerbis the Gusty (level 4, -4/24 HPs)
             Began as a Tengu Air Elementalist on Apr 28, 2014.
             Slain by a centaur (5 damage)
             ... on Level 3 of the Dungeon.
             The game lasted 00:12:59 (2835 turns).

Cerbis the Gusty (Tengu Air Elementalist)           Turns: 2835, Time: 00:13:00

HP  -4/24        AC  3     Str  9      XL: 4   Next: 63%
MP   1/9         EV 13     Int 16      God:
Gold 204         SH  0     Dex 14      Spells:  3 memorised,  3 levels left

rFire  . . .     SeeInvis .     e - +1,+2 dagger
rCold  . . .     Clarity  .     a - +0 robe
rNeg   . . .     Conserve .     (no shield)
rPois  .         rCorr    .     (helmet restricted)
rElec  .         rRot     .     (no cloak)
SustAb . .       Spirit   .     g - +0 pair of gloves
rMut   .         Warding  .     (boots unavailable)
Saprov . . .     Stasis   .     (no amulet)
MR     .....                    (no ring)
                                (no ring)

@: repel missiles, not resistant to hostile enchantments, fairly stealthy
A: beak, talons 3
a: no special abilities


You were on level 3 of the Dungeon.
You were not hungry.

You visited 1 branch of the dungeon, and saw 3 of its levels.

You collected 204 gold pieces.

Inventory:

Hand weapons
 e - a +1,+2 dagger (weapon)
Armour
 a - a +0 robe (worn)
 g - a +0 pair of gloves (worn)
Comestibles
 c - 2 bread rations
 f - 3 pears
 h - a choko
 j - 2 meat rations
 u - 2 chunks of orc flesh
Scrolls
 d - a scroll of enchant armour {unknown}
 i - 2 scrolls of fog {unknown}
 m - a scroll of remove curse {unknown}
 n - 2 scrolls of identify {unknown}
 s - a scroll of magic mapping {unknown}
 t - a scroll of fear {unknown}
Potions
 k - 2 potions of restore abilities {unknown}
 l - 3 potions of might {unknown}
 o - a potion of haste {unknown}
 p - a potion of magic {unknown}
 q - 3 potions of heal wounds {unknown}
 r - a potion of experience {unknown}
Books
 b - a book of Air

   Spells                             Type                      Level
   *Shock                             Conjuration/Air              1
   *Swiftness                         Charms/Air                   2
   *Repel Missiles                    Charms/Air                   2
   Flight                             Charms/Air                   3
   Static Discharge                   Conjuration/Air              3
   Lightning Bolt                     Conjuration/Air              5


   Skills:
 + Level 3.1 Dodging
 - Level 2.0 Stealth
 * Level 2.6 Spellcasting
 + Level 2.8 Conjurations
 + Level 5.1 Air Magic


You had 3 spell levels left.
You knew the following spells:

 Your Spells              Type           Power        Failure   Level  Hunger
a - Shock                 Conj/Air       ##..         4%          1    #......
b - Repel Missiles        Chrm/Air       ##....       12%         2    ##.....
c - Swiftness             Chrm/Air       ##......     12%         2    ##.....


Dungeon Overview and Level Annotations

Branches:
Dungeon (3/15)

Altars:

Annotations:
D:3 Grinder


Innate Abilities, Weirdness & Mutations

You have a beak for a mouth.
You have claws for feet.


Message History

Confirm with . or Enter, or press ? or * to list all spells.
Aiming: Shock
Press: ? - help, Shift-Dir - straight line The zap hits the centaur.
The centaur is heavily wounded.
The zap hits the centaur.
The centaur is severely wounded.
The centaur barely misses you.
Casting: Shock
Confirm with . or Enter, or press ? or * to list all spells.
Aiming: Shock
Press: ? - help, Shift-Dir - straight line The zap hits the centaur.
The centaur is severely wounded.
The zap hits the centaur.
The centaur is almost dead.
The centaur hits you!
* * * LOW HITPOINT WARNING * * *
The centaur hits you.
You die...

#.# #.# #.#
##+##### #%#
#........ #.#
#.........
#.###....?....
#...........>.
##.............#
#.....(........#
######@........#
#...c.........
#.#######.....
....( ... . #.#


You could see a centaur.

Vanquished Creatures
  3 adders
  A giant mite (D:3)
  4 giant geckos
  An orc (D:3)
  9 bats
  2 giant cockroaches (D:2)
  4 goblins
  7 hobgoblins
  6 jackals
  A quokka (D:3)
  A ball python (D:1)
  5 giant newts
  8 kobolds
  4 rats
56 creatures vanquished.

Notes
Turn   | Place    | Note
--------------------------------------------------------------
     0 | D:1      | Cerbis, the Tengu Air Elementalist, began the quest for the Orb.
     0 | D:1      | Reached XP level 1. HP: 10/10 MP: 3/3
   330 | D:1      | Reached XP level 2. HP: 15/15 MP: 0/5
  1062 | D:1      | Reached XP level 3. HP: 19/19 MP: 4/7
  1872 | D:2      | Reached XP level 4. HP: 24/24 MP: 6/9
  1942 | D:3      | Noticed Grinder
  1948 | D:2      | Learned a level 2 spell: Repel Missiles
  1951 | D:2      | Learned a level 2 spell: Swiftness
  2064 | D:3      | Reached skill level 5 in Air Magic
  2415 | D:3      | Paralysed by Grinder for 6 turns
  2823 | D:3      | Noticed a centaur
  2835 | D:3      | HP: 1/24 [centaur (7)]
  2835 | D:3      | Slain by a centaur

Action                   |  1- 3 |  4- 6 || total
-------------------------+-------+-------++-------
Melee: Dagger            |    29 |    10 ||    39
       Unarmed           |     1 |       ||     1
 Cast: Shock             |    67 |    46 ||   113
       Repel Missiles    |       |     1 ||     1
  Use: Potion            |     2 |       ||     2
 Stab: Sleeping          |     1 |       ||     1
